 Dungeon Crawl Stone Soup version 0.20-a0-640-g62ed22f (webtiles) character file.

222998 nikopol the Severer (level 19, 0/122 HPs)
             Began as a Gargoyle Berserker on Feb 12, 2017.
             Was the Champion of Trog.
             Slain by an Executioner (3 damage)
             ... summoned by Asterion
             ... on level 4 of the Snake Pit.
             The game lasted 03:10:17 (46186 turns).

nikopol the Severer (Gargoyle Berserker)           Turns: 46186, Time: 03:10:18

Health: 0/122      AC: 43    Str: 29    XL:     19   Next: 25%
Magic:  28/28      EV: 13    Int:  9    God:    Trog [******]
Gold:   1050       SH:  0    Dex: 18    Spells: 18/18 levels left

rFire    + + .     SeeInvis .   a - +5 battleaxe (elec)
rCold    + + .     Gourm    +   v - +0 plate armour {MR+}
rNeg     + . .     Faith    .   (shield currently unavailable)
rPois    ∞         Spirit   .   E - +2 helmet
rElec    +         Reflect  .   H - +0 cloak
rCorr    +         Harm     .   L - +2 pair of gloves of Ajootoudawn {*Slow rC+ MR+ Str+2}
MR       +++++                  n - +2 pair of boots of Dogma {rPois MP+9}
Stlth    ..........             h - amulet of the gourmand
Regen    1.3/turn               g - ring of Hano {rElec rF++ MR+ Str+3 Dex+5}
MPRegen  0.3/turn               j - ring of Paogh {rCorr rC+ Slay+5}

@: about to teleport, regenerating, constricted
A: big wings, negative energy resistance 1, electricity resistance, unbreathing,
petrification resistance, rot immunity, AC +13
}: 1/15 runes: decaying
a: Fly, Berserk, Trog's Hand, Brothers in Arms, Burn Spellbooks, Renounce
Religion


You were on level 4 of the Snake Pit.
You worshipped Trog.
Trog was exalted by your worship.
You were full.

You visited 5 branches of the dungeon, and saw 31 of its levels.

You collected 2580 gold pieces.
You spent 1530 gold pieces at shops.

Inventory:

Hand Weapons
 a - a +5 battleaxe of electrocution (weapon)
 b - a +8 antimagic battleaxe
 r - a +4 war axe of freezing
 u - a +4 antimagic battleaxe
 z - a +1 longbow of flaming
Missiles
 m - 501 arrows (quivered)
Armour
 l - a +2 plate armour of cold resistance
 n - the +2 pair of boots of Dogma (worn) {rPois MP+9}
   (You acquired it on level 12 of the Dungeon)

   It protects you from poison.
   It affects your magic capacity (+9).
 v - a +0 plate armour of magic resistance (worn)
 E - a +2 helmet (worn)
 H - a +0 cloak (worn)
 L - the +2 pair of gloves of Ajootoudawn (worn) {*Slow rC+ MR+ Str+2}
   (You acquired it on level 4 of the Snake Pit)

   It affects your strength (+2).
   It protects you from cold.
   It affects your resistance to hostile enchantments.
   It may slow you when you take damage.
 S - a +2 plate armour of fire resistance
Jewellery
 g - the ring of Hano (right hand) {rElec rF++ MR+ Str+3 Dex+5}
   (You found it on level 13 of the Dungeon)

   [ring of dexterity]

   It affects your strength (+3).
   It affects your dexterity (+5).
   It greatly protects you from fire.
   It insulates you from electricity.
   It affects your resistance to hostile enchantments.
 h - an amulet of the gourmand (around neck)
 j - the ring of Paogh (left hand) {rCorr rC+ Slay+5}
   (You bought it in a shop on level 2 of the Orcish Mines)

   [ring of resist corrosion]

   It affects your accuracy and damage with ranged weapons and melee attacks
   (+5).
   It protects you from cold.
 o - an uncursed ring of see invisible
 A - a +4 ring of evasion
 X - the amulet "Riut" {Harm -Tele *Drain rPois rN++ Int+2}
   (You found it on level 6 of the Lair of Beasts)

   [amulet of harm]

   It increases damage dealt and taken.
   It affects your intelligence (+2).
   It protects you from poison.
   It greatly protects you from negative energy.
   It prevents most forms of teleportation.
   It causes draining when unequipped.
Wands
 O - a wand of disintegration (20/24)
Scrolls
 d - 7 scrolls of enchant weapon
 e - 11 scrolls of remove curse
 f - a scroll of recharging
 w - 10 scrolls of identify
 x - 3 scrolls of fear
 y - 7 scrolls of teleportation
 J - 6 scrolls of fog
 K - 4 scrolls of enchant armour
 Q - 5 scrolls of magic mapping
Potions
 i - 2 potions of might
 k - 22 potions of curing
 p - 3 potions of agility
 s - 5 potions of brilliance
 t - 7 potions of heal wounds
 C - 2 potions of ambrosia
 F - 5 potions of haste
 G - 3 potions of berserk rage
 P - a potion of magic
 R - 2 potions of cancellation
 V - a potion of invisibility {unknown}
Books
 q - a book of Transfigurations

   Spells                             Type                      Level
   a - Irradiate                      Conjuration/Transmutation    5
   b - Statue Form                    Transmutation/Earth          6
   c - Hydra Form                     Transmutation                6
   d - Dragon Form                    Transmutation                7
   Trog disapproves of the use of such an item.
Comestibles
 c - 19 bread rations
 B - 13 fruits
 D - 24 royal jellies
 I - 12 meat rations


   Skills:
 + Level 14.5 Fighting
 * Level 16.7(16.8) Axes
   Level 3.0(12.5) Maces & Flails
 * Level 16.3 Bows
 + Level 15.2 Armour
 + Level 11.5 Dodging


You had 18 spell levels left.
You didn't know any spells.

Dungeon Overview and Level Annotations

Branches:
Dungeon (15/15)            Temple (0/1) D:7            Lair (6/6) D:9
  Swamp (4/4) Lair:4        Snake (4/4) Lair:2        Slime (0/5) Lair:6
    Orc (2/2) D:11            Elf (0/3) Orc:2        Vaults (0/5) D:13
 Depths (0/5) D:15

Altars:
Elyvilon
Gozag
Kikubaaqudgha
Makhleb
Okawaru
Qazlal
Trog
Uskayaw
Xom
The Shining One
Beogh
Jiyva

Shops:
D:6 ?   D:8 :   Orc:2 =::?

Annotations:
D:9 exclusion: ice statue
Snake:4 Asterion


Innate Abilities, Weirdness & Mutations

You are resistant to torment.
Your stone body is resilient. (AC +13)
You are immune to poison.
Your large and strong wings let you fly indefinitely.
You resist negative energy. (rN+)
You are resistant to electric shocks. (rElec)
You can survive without breathing.
You are immune to petrification.
You are immune to rotting.


Message History

The nagaraja hits you but does no damage.
The Executioner hits you but does no damage. x2
The Executioner completely misses you. The nagaraja misses you.
The anaconda barely misses you.
* * * LOW HITPOINT WARNING * * *
The anaconda constricts you.
The nagaraja hits you from afar with a spear of venom.
* * * LOW HITPOINT WARNING * * *
The Executioner gestures.
The Executioner seems to speed up.
As you read the scroll of teleportation, it crumbles to dust.
You feel strangely unstable.
The Executioner hits you but does no damage.
The Executioner closely misses you.
The Executioner hits you but does no damage.
The anaconda bites you but does no damage.
The anaconda constricts you. The Executioner hits you!
* * * LOW HITPOINT WARNING * * *
The Executioner hits you.
You die...

#†#.N# #.##N#######
#...)......#
#..#####.###)#....#
#.........##N)....#####
#.######....#.........#
#.........#.#.NNH####.#
#######...#.##.S1# #.#
..........#....)@# #)#
########..####..)# #)#
#.........# #.#
#.####....# #.#
#.#..#.#### #.#
#.#..#.# #.# #.#..#.#
#.# #.#).#.# #.#
#....#.#######.#


You could see Asterion, 2 nagarajas, an Executioner, an anaconda, a naga mage
and a naga.

Vanquished Creatures
  Saint Roka (Orc:2)
  Nikola (Swamp:1)
  Rupert (Lair:3)
  Frances (D:12)
  4 thorn hunters
  Donald (Swamp:1)
  Roxanne (D:14)
  A nagaraja (Snake:4)
  An orc warlord (Orc:2)
  A very ugly thing (Swamp:2)
  Nessos (Lair:5)
  6 dire elephants (Lair:6)
  Snorg (D:12)
  Josephine (Lair:5)
  A yaktaur captain (D:15)
  11 naga warriors
  27 hydras
  2 catoblepae
  A ghost crab (Swamp:4)
  2 centaur warriors
  7 two-headed ogres
  Erica (D:8)
  15 alligators
  A death knight (D:11)
  2 dancing weapons (D:13)
  8 anacondas
  4 death yaks (Lair:4)
  A tengu warrior (D:13)
  12 naga sharpshooters
  Urug (D:14)
  7 orc high priests
  7 shock serpents
  The ghost of Chiseanne the Skirmisher, a novice BaWn of Gozag (D:6)
  An unseen horror (shapeshifter) (D:13)
  An unseen horror (D:15)
  2 salamander mystics
  6 skeletal warriors
  9 swamp dragons
  4 shambling mangroves
  Pikel (D:5)
  7 naga ritualists
  2 spriggan druids
  6 orc knights
  3 deep elf magi
  2 manticores (D:14)
  4 oklob plants (Lair:4)
  2 cyclopes
  5 orc sorcerers
  8 mana vipers
  3 ugly things
  A black mamba (shapeshifter) (D:13)
  12 salamanders
  16 elephants
  29 black mambas
  13 naga magi
  Joseph (D:10)
  4 guardian serpents
  22 spiny frogs
  A torpor snail (Lair:4)
  4 gargoyles
  2 rime drakes
  16 komodo dragons
  5 yaktaurs (D:15)
  An efreet (D:13)
  4 freezing wraiths
  A tengu conjurer (D:15)
  2 queen bees
  8 trolls
  9 tyrant leeches
  5 polar bears (Lair:4)
  The ghost of Voxish the Poker, an amateur MfGl (D:5)
  13 hornets
  20 blink frogs
  2 raiju (shapeshifter)
  15 slime creatures
  8 bog bodies
  11 hippogriffs
  10 dream sheep
  A centaur simulacrum (D:14)
  2 shadows
  9 wraiths
  Sigmund (D:4)
  A spriggan (shapeshifter) (D:13)
  A vampire (D:13)
  4 spriggans
  2 humans (D:9)
  Eustachio (D:4)
  6 basilisks
  5 wyverns
  A hungry ghost (D:15)
  45 yaks
  34 vampire mosquitoes
  Menkaure (D:6)
  11 insubstantial wisps
  2 soldier ants
  34 nagas
  23 swamp worms
  An acid dragon (D:15)
  6 wargs
  16 water moccasins
  17 porcupines
  60 orc warriors
  12 swamp drakes
  2 slaves (D:5)
  2 sky beasts
  A black bear (D:7)
  3 ice beasts
  4 phantoms
  4 wolves (Lair:4)
  15 ogres
  9 centaurs
  17 crocodiles
  The ghost of nikopol the Cudgeler, an amateur GrBe of Trog (D:3)
  4 big kobolds
  21 bullfrogs
  Blork the orc (D:4)
  A gnoll sergeant (D:5)
  A wyvern skeleton (D:11)
  3 scorpions
  A water moccasin skeleton (D:9)
  34 killer bees
  5 wights (D:12)
  3 electric eels
  9 crimson imps
  A bullfrog zombie (D:10)
  A centaur zombie (D:10)
  A quasit (D:8)
  2 bullfrog skeletons
  6 hounds
  37 orc priests
  6 jellies
  24 orc wizards
  2 centaur skeletons
  Crazy Yiuf (D:4)
  Jessica (D:3)
  Terence (D:3)
  4 iguanas
  Natasha (thrice) (D:3 D:6)
  7 worker ants
  2 hound zombies
  A hound skeleton (D:8)
  2 worker ant zombies
  16 gnolls
  9 adders
  6 shadow imps
  An ooze (D:5)
  2 adder skeletons
  2 worms (D:2)
  2 dart slugs
  9 leopard geckos
  138 orcs
  7 giant cockroaches
  6 goblins
  8 hobgoblins
  9 jackals
  19 kobolds
  3 quokkas
  4 bats
  3 frilled lizards
  2 jackal skeletons (D:9)
  6 rats
  4 bushes (D:6)
  4 fungi
  20 plants
1254 creatures vanquished.

Vanquished Creatures (collateral kills)
  6 yaks (D:9)
  A basilisk (D:9)
  4 jackals (D:9)
11 creatures vanquished.

Vanquished Creatures (others)
  A blink frog (Swamp:4)
  An insubstantial wisp (Swamp:4)
  A slave (D:5)
  2 crimson imps (D:5)
  An orc priest (Orc:2)
  An adder (D:5)
  A shadow imp (D:5)
  A giant cockroach (D:5)
  A bush (Lair:4)
  20 fungi
  16 plants
46 creatures vanquished.

Grand Total: 1311 creatures vanquished

Notes
Turn   | Place    | Note
-------+----------+-------------------------------------------
     0 | D:1      | nikopol the Gargoyle Berserker began the quest for the Orb.
     0 | D:1      | Reached XP level 1. HP: 14/14 MP: 1/1
   109 | D:1      | Reached XP level 2. HP: 18/19 MP: 2/2
   351 | D:1      | Reached skill level 1 in Axes
   645 | D:2      | Reached XP level 3. HP: 16/23 MP: 3/3
   874 | D:2      | Found a burning altar of Makhleb.
   874 | D:2      | Noticed a green death
   941 | D:2      | Found a glowing golden altar of the Shining One.
  1423 | D:2      | Found a white marble altar of Elyvilon.
  1559 | D:3      | Found a stormy altar of Qazlal.
  1596 | D:3      | Reached ** piety under Trog
  1688 | D:3      | Noticed Natasha
  1693 | D:3      | Killed Natasha
  1693 | D:3      | Reached XP level 4. HP: 28/28 MP: 4/4
  1694 | D:3      | Noticed Terence
  1703 | D:3      | Killed Terence
  1816 | D:3      | Noticed nikopol's ghost (amateur GrBe)
  1826 | D:3      | Killed nikopol's ghost
  1826 | D:3      | Reached XP level 5. HP: 33/33 MP: 5/5
  1921 | D:3      | Noticed Natasha
  1940 | D:3      | Killed Natasha
  1952 | D:3      | Noticed Jessica
  1972 | D:3      | Killed Jessica
  1972 | D:3      | Reached XP level 6. HP: 24/38 MP: 6/6
  2522 | D:4      | Noticed Eustachio
  2768 | D:4      | Killed Eustachio
  2768 | D:4      | Reached XP level 7. HP: 39/44 MP: 7/7
  3038 | D:4      | Noticed Blork the orc
  3046 | D:4      | Killed Blork the orc
  3121 | D:4      | Noticed Sigmund
  3128 | D:4      | Killed Sigmund
  3214 | D:4      | Reached skill level 5 in Fighting
  3355 | D:4      | Found a bloodstained altar of Trog.
  3471 | D:4      | Found a runed door.
  3517 | D:4      | Noticed Crazy Yiuf
  3524 | D:4      | Killed Crazy Yiuf
  3574 | D:4      | Found an ancient bone altar of Kikubaaqudgha.
  3659 | D:5      | Entered Level 5 of the Dungeon
  3675 | D:5      | Noticed Pikel
  3675 | D:5      | Noticed Voxish's ghost (amateur MfGl)
  3689 | D:5      | Reached XP level 8. HP: 24/49 MP: 8/8
  3695 | D:5      | Killed Voxish's ghost
  3695 | D:5      | Reached skill level 5 in Axes
  3695 | D:5      | Reached skill level 5 in Armour
  3699 | D:5      | Killed Pikel
  4109 | D:5      | Reached XP level 9. HP: 34/55 MP: 9/9
  4491 | D:5      | Reached *** piety under Trog
  5246 | D:6      | Noticed Menkaure
  5259 | D:6      | Killed Menkaure
  5671 | D:6      | Noticed Natasha
  5677 | D:6      | Killed Natasha
  5678 | D:6      | Found Hymaowos's Magic Scroll Shoppe.
  5714 | D:6      | Bought a scroll of magic mapping for 49 gold pieces
  5714 | D:6      | Bought a scroll of identify for 28 gold pieces
  5979 | D:6      | Noticed Chiseanne's ghost (novice BaWn)
  5995 | D:6      | Reached skill level 5 in Dodging
  6001 | D:6      | Killed Chiseanne's ghost
  6097 | D:6      | Reached XP level 10. HP: 61/63 MP: 10/10
  6293 | D:6      | Reached **** piety under Trog
  6829 | D:7      | Found a staircase to the Ecumenical Temple.
  6873 | D:7      | Noticed a dagger
  6873 | D:7      | Noticed a dagger
  6874 | D:7      | Found a hide-covered altar of Uskayaw.
  7206 | D:8      | Found an opulent altar of Gozag.
  7341 | D:8      | Reached ***** piety under Trog
  7428 | D:8      | Noticed Erica
  7455 | D:8      | Killed Erica
  7455 | D:8      | Reached skill level 1 in Bows
  8462 | D:8      | Found Fuwneowu's Book Boutique.
  9337 | D:9      | Noticed an ice statue
  9427 | D:9      | Found a staircase to the Lair.
  9471 | D:9      | Reached XP level 11. HP: 26/69 MP: 11/11
  9481 | D:9      | Received a gift from Trog
 10147 | D:9      | Reached skill level 5 in Bows
 10198 | D:9      | Found an iron altar of Okawaru.
 10427 | Lair:1   | Entered Level 1 of the Lair of Beasts
 10998 | Lair:1   | Reached skill level 10 in Axes
 11636 | Lair:1   | Noticed a four-headed hydra
 11648 | Lair:1   | Killed a one-headed hydra
 11648 | Lair:1   | Reached XP level 12. HP: 76/76 MP: 12/12
 12665 | Lair:2   | Found a staircase to the Snake Pit.
 13012 | Lair:2   | Reached skill level 10 in Armour
 13590 | Lair:3   | Noticed a catoblepas
 13613 | Lair:3   | Killed a catoblepas
 13830 | Lair:2   | Reached skill level 10 in Fighting
 14129 | Lair:3   | Noticed Rupert
 14155 | Lair:3   | Killed Rupert
 14155 | Lair:3   | Reached XP level 13. HP: 77/82 MP: 13/13
 14840 | Lair:3   | Received a gift from Trog
 15643 | Lair:3   | Received a gift from Trog
 17463 | Lair:4   | Received a gift from Trog
 18186 | Lair:4   | Reached skill level 10 in Bows
 19131 | Lair:4   | Gained mutation: Your large and strong wings let you fly indefinitely. [Gargoyle growth]
 19131 | Lair:4   | Reached XP level 14. HP: 85/88 MP: 14/14
 19444 | Lair:4   | Found a staircase to the Swamp.
 19764 | Lair:4   | Received a gift from Trog
 20029 | Lair:4   | Got a smoking steel amulet
 20066 | Lair:4   | Identified the amulet "Musaolea" {Reflect rPois SH+4} (You found it on level 4 of the Lair of Beasts)
 20276 | Lair:5   | Noticed Nessos
 20449 | Lair:5   | Noticed Josephine
 20478 | Lair:5   | Killed Josephine
 20685 | Lair:5   | Killed Nessos
 21732 | Lair:6   | Entered Level 6 of the Lair of Beasts
 21732 | Lair:6   | Found a staircase to the Slime Pits.
 21732 | Lair:6   | Found a viscous altar of Jiyva.
 23943 | Lair:6   | Noticed a dire elephant
 23943 | Lair:6   | Noticed a dire elephant
 23951 | Lair:6   | Received a gift from Trog
 23980 | Lair:6   | Killed a dire elephant
 23980 | Lair:6   | Reached XP level 15. HP: 94/95 MP: 15/15
 24111 | Lair:6   | Got a flickering lead amulet
 24116 | Lair:6   | Identified the amulet "Riut" {Harm -Tele *Drain rPois rN++ Int+2} (You found it on level 6 of the Lair of Beasts)
 24892 | D:10     | Entered Level 10 of the Dungeon
 25126 | D:10     | Noticed Joseph
 25133 | D:10     | Killed Joseph
 25939 | D:11     | Received a gift from Trog
 26386 | D:11     | Reached ****** piety under Trog
 26540 | D:11     | Found a staircase to the Orcish Mines.
 26735 | Orc:1    | Entered Level 1 of the Orcish Mines
 26765 | Orc:1    | Received a gift from Trog
 28006 | Orc:2    | Entered Level 2 of the Orcish Mines
 28812 | Orc:2    | Received a gift from Trog
 29262 | Orc:2    | Noticed Saint Roka
 29929 | Orc:2    | Found Kappynualu's Jewellery Emporium.
 29968 | Orc:2    | Bought the ring "Umerph" {MR+ Str+2 Slay+3} for 683 gold pieces
 29968 | Orc:2    | Bought the ring of Paogh {rCorr rC+ Slay+5} for 770 gold pieces
 30024 | Orc:2    | Found a roughly hewn altar of Beogh.
 30206 | Orc:2    | Found Xoamuosk's Book Shoppe.
 30344 | Orc:2    | Noticed an orc warlord
 30357 | Orc:2    | Killed an orc warlord
 30418 | Orc:2    | Killed Saint Roka
 30852 | Orc:2    | Received a gift from Trog
 30867 | Orc:2    | Reached XP level 16. HP: 99/101 MP: 16/16
 30882 | Orc:2    | Found a roughly hewn altar of Beogh.
 30921 | Orc:2    | Found Plog's Book Emporium.
 31057 | Orc:2    | Found Tagat's Magic Scroll Boutique.
 31470 | Orc:2    | Found a staircase to the Elven Halls.
 31993 | D:12     | Noticed Frances
 32001 | D:12     | Killed Frances
 32114 | D:12     | Noticed Snorg
 32130 | D:12     | Killed Snorg
 32216 | D:12     | Identified a scroll of acquirement
 32217 | D:12     | Got a pair of faintly humming boots
 32228 | D:12     | Identified the +2 pair of boots of Dogma {rPois MP+9} (You acquired it on level 12 of the Dungeon)
 32577 | D:12     | Received a gift from Trog
 32678 | D:12     | Found a roughly hewn altar of Beogh.
 33007 | D:13     | Got a translucent golden ring
 33127 | D:13     | Found a gate to the Vaults.
 33881 | D:14     | Noticed Urug
 33887 | D:14     | Killed Urug
 33971 | D:14     | Noticed Roxanne
 33994 | D:14     | Killed Roxanne
 34600 | D:14     | Reached skill level 10 in Dodging
 34943 | D:15     | Entered Level 15 of the Dungeon
 35085 | D:15     | Received a gift from Trog
 35446 | D:15     | Found a staircase to the Depths.
 35452 | D:15     | Reached skill level 15 in Axes
 35620 | D:15     | Received a gift from Trog
 35786 | D:15     | Identified the ring of Hano {rElec rF++ MR+ Str+3 Dex+5} (You found it on level 13 of the Dungeon)
 36401 | Swamp:1  | Entered Level 1 of the Swamp
 36401 | Swamp:1  | Noticed Nikola
 36413 | Swamp:1  | Killed Nikola
 36427 | Swamp:1  | Reached XP level 17. HP: 85/108 MP: 17/17
 36442 | Swamp:1  | Noticed Donald
 36457 | Swamp:1  | Killed Donald
 36502 | Swamp:1  | Received a gift from Trog
 37025 | Swamp:1  | Found an opulent altar of Gozag.
 38301 | Swamp:2  | Received a gift from Trog
 38884 | Swamp:3  | Found a shimmering altar of Xom.
 39837 | Swamp:4  | Entered Level 4 of the Swamp
 39844 | Swamp:4  | Received a gift from Trog
 40454 | Swamp:4  | Reached skill level 15 in Bows
 40549 | Swamp:4  | Reached XP level 18. HP: 80/116 MP: 18/18
 41240 | Swamp:4  | Got a decaying rune of Zot
 41676 | Snake:1  | Entered Level 1 of the Snake Pit
 41678 | Snake:1  | Received a gift from Trog
 41798 | Snake:1  | Found a bloodstained altar of Trog.
 43572 | Snake:3  | Received a gift from Trog
 43589 | Snake:3  | Got a crude chain mail
 43660 | Snake:3  | Identified the +1 chain mail "Firaujon" {rF+ MP+9 Int+3} (You found it on level 3 of the Snake Pit)
 44036 | Snake:3  | Received a gift from Trog
 44844 | Snake:3  | Received a gift from Trog
 44967 | Snake:3  | Reached skill level 15 in Armour
 45033 | Snake:3  | Reached XP level 19. HP: 107/121 MP: 19/19
 45379 | Snake:4  | Entered Level 4 of the Snake Pit
 45938 | Snake:4  | Got a pair of pitted gloves
 45949 | Snake:4  | Identified the +2 pair of gloves of Ajootoudawn {*Slow rC+ MR+ Str+2} (You acquired it on level 4 of the Snake Pit)
 46151 | Snake:4  | Noticed Asterion
 46184 | Snake:4  | HP: 4/122 [Executioner[Asterion] (9)]
 46186 | Snake:4  | Slain by an Executioner

Vault maps used:
D:1:      dpeg_arrival_another_circle, serial_corexii_hall,
          corexii_hall_statues_x, corexii_hall_statues_i
D:2:      tso_oasis_becter, elyvilon_altar_5, nicolae_overflow_hidden_temple,
          serial_bayou_ford_a, makhleb_altar_promises_db
D:3:      grunt_qazlal_sundering, hangedman_decor_slide_cut, uniq_natasha,
          uniq_jessica, uniq_terence
D:4:      kennysheep_little_box, bloody_trog, first_bread, uniq_eustachio,
          uniq_sigmund, uniq_blork_the_orc, uniq_crazy_yiuf_cottage
D:5:      uniq_pikel
D:6:      serial_shops, nicolae_shop_trees, lexackson_kobold_supper,
          uniq_menkaure
D:7:      dancing_weapons_uskayaw, minmay_temple_entry_glass,
          kennysheep_generic_room_2
D:8:      nicolae_gozag_cash_rules_everything_around_me, serial_shops, shop,
          kennysheep_generic_room_5, uniq_erica
D:9:      cheibrodos_frozen_isle, okawaru_humans, david_lair_generic,
          david_nohive_1
D:10:     uniq_joseph
D:11:     erik_orc_4
D:12:     david_defended_altar_orc, uniq_snorg, uniq_frances
D:13:     erik_vaults_1
D:14:     uniq_urug, uniq_roxanne
D:15:     grunt_enter_depths_snipers
Lair:2:   guppyfry_snake_entry_island, beast_lair_carwin_3
Lair:3:   special_room, beast_lair_carwin_2, uniq_rupert
Lair:4:   nicolae_swamp_entry_splash_gauntlet, beast_lair_carwin_10,
          minmay_lair_oklob_chamber, infiniplex_staircase_pool
Lair:5:   grunt_megastairs_2, uniq_josephine, uniq_nessos
Lair:6:   due_jungle_book, slime_altar_1, serial_bayou_shore_a,
          serial_bayou_shore_b
Swamp:1:  nicolae_swamp_godswood, uniq_donald, uniq_nikola
Swamp:2:  hangedman_swamp_pad
Swamp:3:  basic_altar, swamp_pool5
Swamp:4:  swamp_alternative
Snake:1:  basic_altar
Snake:2:  grunt_ministairs_2
Snake:4:  snake_pit, basic_stair_grate_trap, uniq_asterion
Orc:2:    pubby_orc_utopia, uniq_saint_roka

Skill      XL: |  1  2  3  4  5  6  7  8  9 10 11 12 13 14 15 16 17 18 |
---------------+-------------------------------------------------------+-----
Axes           | 1 2 3 4 6 7 9 10 11 12 13 14 15 16 | 16.7
Dodging        | 2 3 4 5 6 7 8 9 10 11 | 11.5
Armour         | 3 4 5 7 8 9 10 11 12 13 14 15 | 15.2
Fighting       | 4 5 6 7 8 9 10 11 12 13 14 | 14.5
Bows           | 3 6 8 10 11 12 14 15 16 | 16.3
Maces & Flails | |  3.0

Action                   |  1- 3 |  4- 6 |  7- 9 | 10-12 | 13-15 | 16-18 | 19-21 || total
-------------------------+-------+-------+-------+-------+-------+-------+-------++-------
Melee: Mace              |    11 |       |       |       |       |       |       ||    11
       Hand axe          |   104 |   134 |   405 |  1362 |  1904 |    35 |       ||  3944
       Battleaxe         |       |       |       |       |       |   500 |    37 ||   537
 Fire: Shortbow          |       |       |       |   257 |   378 |       |       ||   635
       Longbow           |       |       |       |       |   422 |  1043 |   115 ||  1580
Invok: Berserk           |       |     2 |     4 |     9 |    17 |     3 |       ||    35
       Burn Spellbooks   |       |       |       |     2 |     2 |     2 |       ||     6
       Brothers in Arms  |       |       |       |     2 |       |       |       ||     2
       Trog's Hand       |       |       |       |       |       |       |     2 ||     2
 Abil: Stop Flying       |       |       |       |       |       |     2 |       ||     2
       Fly               |       |       |       |       |       |     1 |       ||     1
  Use: Scroll            |       |       |     6 |     3 |    16 |    13 |     3 ||    41
       Potion            |       |       |       |       |       |       |     2 ||     2
 Stab: Petrifying        |       |       |       |       |     1 |       |       ||     1
       Distracted        |       |       |       |       |       |     1 |       ||     1
       Confused          |       |       |       |       |       |     1 |       ||     1
  Eat: Chunk             |     2 |     6 |    13 |    40 |    70 |    47 |     1 ||   179
       Fruit             |       |       |     2 |       |       |       |       ||     2
       Bread ration      |       |       |       |     1 |       |       |       ||     1
Armor: Animal skin       |     3 |       |       |       |       |       |       ||     3
       Leather armour    |    20 |       |       |       |       |       |       ||    20
       Ring mail         |    13 |     3 |       |       |       |       |       ||    16
       Scale mail        |       |    82 |   167 |   128 |       |       |       ||   377
       Plate armour      |       |       |       |   477 |  1212 |   758 |   184 ||  2631
Dodge: Dodged            |    81 |   164 |   347 |   756 |  1084 |   578 |   104 ||  3114
